Map: Ruins of Seras

Players

Javert - Winner!

  • Race: Zerg Zerg
  • League: Grandmaster

ShamonaHe

  • Race: Protoss Protoss
  • League: Grandmaster

VOD

Have the link to the VOD?

Description

Time

  • Played on: July 15, 2015, 12:25 a.m.
  • Length: 11:47
Show
View Real Time Build Order
Export as new Build Order

Javert Zerg - Winner!

Build Orders: Hatch First 

Get SALT Encoding   

  12  0:01  Drone  
  13  0:13  Overlord  
  13  0:25  Drone  
  14  0:32  Drone  
  14  0:33  Drone  
  16  0:42  Drone  
  17  0:48  Drone  
  18  0:59  Hatchery  
  18  1:02  Drone  
  18  1:05  Extractor  
  17  1:15  Drone  
  18  1:20  Spawning Pool  
  17  1:26  Drone  
  18  1:35  Drone  
  19  1:43  Drone  
  20  1:52  Overlord  
  20  2:06  Metabolic Boost  
  20  2:07  Queen  
  22  2:11  Queen  
  22  2:13  Zergling x4  
  26  2:21  Drone  
  27  2:26  Drone x2  
  29  2:36  Drone x2  
  31  2:50  Drone x2  
  33  3:01  Drone  
  33  3:02  Drone  
  35  3:09  Overlord  
  35  3:21  Overlord  
  35  3:29  Drone x9  
  43  3:34  Hatchery  
  43  3:39  Overlord x2  
  42  3:46  Extractor  
  41  3:51  Queen  
  43  4:13  Overlord  
  43  4:14  Drone x9  
  52  4:27  Overlord  
  52  4:40  Extractor x2  
  52  4:43  Roach Warren  
  52  4:44  Lair  
  49  5:10  Evolution Chamber x2  
  49  5:12  Spore Crawler  
  46  5:14  Spore Crawler  
  46  5:15  Spore Crawler  
  46  5:16  Spore Crawler  
  43  5:26  Burrow  
  43  5:33  Overlord  
  43  5:39  Drone x17  
  43  5:40  Drone x4  
  64  5:46  Hydralisk Den  
  63  5:55  Glial Reconstitution  
  63  5:57  Zerg Missile Weapons Level 1, Zerg Ground Armor Level 1  
  63  5:58  Extractor x2  
  61  6:05  Spore Crawler  
  61  6:08  Spine Crawler  
  59  6:16  Hydralisk x3, Muscular Augments  
  59  6:17  Hydralisk x4  
  75  6:25  Roach  
  75  6:26  Roach x2  
  79  6:34  Overseer  
  79  6:39  Drone x6  
  86  6:40  Drone  
  86  6:41  Spine Crawler  
  85  6:50  Roach  
  85  6:51  Roach x3  
  93  6:55  Overseer  
  93  6:58  Drone x2  
  93  6:59  Overlord  
  95  7:09  Drone x3  
  95  7:14  Overlord  
  95  7:15  Overlord  
  98  7:18  Roach  
  100  7:31  Overlord x3  
  100  7:32  Hydralisk x3  
  100  7:33  Hydralisk x3  
  112  7:38  Ravager x3  
  112  7:40  Overlord  
  115  7:45  Overlord  
  115  7:46  Overlord x2  
  115  7:50  Overseer  
  111  8:11  Hydralisk  
  111  8:12  Hydralisk x9  
  125  8:13  Infestation Pit  
  125  8:18  Drone  
  125  8:19  Drone x5  
  134  8:24  Zerg Missile Weapons Level 2  
  134  8:32  Drone x4  
  134  8:33  Drone x3  
  135  8:50  Hydralisk x8  
  135  8:53  Overlord  
  151  8:58  Hive, Spore Crawler  
  132  9:16  Hydralisk  
  124  9:18  Hydralisk x8  
  124  9:23  Zerg Ground Armor Level 2  
  142  9:39  Extractor  
  142  9:40  Hatchery  
  142  9:44  Extractor  
  133  9:50  Overlord  
  133  9:51  Overlord  
  131  10:02  Roach x4  
  131  10:03  Roach x13  
  165  10:07  Queen  
  167  10:18  Ultralisk Cavern  
  167  10:21  Overseer x3  
  166  10:25  Overlord  
  166  10:26  Overlord  
  166  10:30  Overlord  
  137  10:53  Ravager x3  
  137  10:54  Ravager x4  
  137  10:55  Ravager x5  
  149  11:00  Spine Crawler  
  149  11:02  Overseer  
  149  11:03  Spine Crawler  
  149  11:04  Spine Crawler  
  146  11:18  Overlord x2  
Show
View Real Time Build Order
Export as new Build Order

ShamonaHe Protoss 

Build Orders:  

Get SALT Encoding   

  12  0:02  Probe  
  13  0:14  Probe  
  13  0:18  Pylon  
  14  0:36  Probe  
  14  0:38  Gateway  
  15  0:48  Probe  
  16  0:51  Pylon  
  16  1:00  Probe  
  17  1:14  Probe  
  18  1:39  Cybernetics Core  
  18  1:46  Nexus  
  18  1:54  Forge  
  18  1:56  Probe (Chrono Boost)  
  18  1:58  Zealot  
  21  2:05  Probe (Chrono Boost), Assimilator  
  22  2:23  Probe  
  23  2:37  Pylon  
  23  2:38  Gateway  
  23  2:43  Gateway  
  23  2:56  Photon Cannon  
  23  2:59  Photon Cannon  
  23  3:00  Probe (Chrono Boost)  
  24  3:06  Assimilator  
  24  3:10  Probe (Chrono Boost), Warp Gate (Chrono Boost)  
  24  3:11  Probe (Chrono Boost)  
  26  3:17  Probe (Chrono Boost)  
  27  3:29  Probe (Chrono Boost), Protoss Ground Weapons Level 1  
  28  3:38  Probe (Chrono Boost)  
  28  3:39  Probe  
  30  3:42  Assimilator  
  30  3:49  Probe (Chrono Boost)  
  30  3:51  Probe (Chrono Boost)  
  32  4:01  Probe (Chrono Boost)  
  34  4:03  Probe (Chrono Boost)  
  34  4:09  Probe (Chrono Boost)  
  35  4:11  Probe (Chrono Boost)  
  36  4:18  Probe (Chrono Boost)  
  36  4:20  Stargate  
  36  4:22  Probe (Chrono Boost)  
  38  4:24  Stargate  
  38  4:26  Pylon  
  38  4:30  Probe (Chrono Boost)  
  39  4:34  Probe (Chrono Boost), Assimilator  
  41  4:40  Probe (Chrono Boost)  
  41  4:42  Probe (Chrono Boost)  
  42  4:47  Probe  
  42  4:50  Probe  
  44  4:59  Probe  
  45  5:02  Probe  
  46  5:11  Probe  
  48  5:14  Probe  
  48  5:16  Void Ray (Chrono Boost)  
  48  5:17  Void Ray (Chrono Boost)  
  48  5:18  Protoss Air Weapons Level 1 (Chrono Boost)  
  56  5:23  Probe  
  55  5:46  Probe  
  56  5:51  Void Ray (Chrono Boost)  
  60  5:58  Nexus  
  60  6:01  Pylon  
  60  6:03  Pylon  
  60  6:06  Pylon  
  60  6:10  Assimilator  
  60  6:13  Pylon  
  60  6:14  Assimilator  
  60  6:19  Void Ray (Chrono Boost)  
  60  6:20  Pylon  
  60  6:24  Pylon  
  64  6:27  Void Ray (Chrono Boost)  
  68  6:48  Zealot x3  
  74  6:54  Void Ray (Chrono Boost)  
  74  7:00  Twilight Council  
  82  7:02  Void Ray (Chrono Boost)  
  82  7:11  Probe (Chrono Boost)  
  83  7:21  Probe (Chrono Boost)  
  84  7:23  Photon Cannon  
  84  7:25  Photon Cannon  
  84  7:28  Probe  
  85  7:32  Void Ray (Chrono Boost), Photon Cannon x2  
  85  7:34  Photon Cannon  
  85  7:37  Photon Cannon  
  89  7:40  Probe  
  89  7:42  Charge  
  89  7:43  Void Ray (Chrono Boost)  
  94  7:52  Probe  
  87  8:09  Void Ray (Chrono Boost)  
  87  8:14  Void Ray (Chrono Boost)  
  87  8:18  Probe (Chrono Boost)  
  97  8:28  Probe (Chrono Boost)  
  97  8:32  Zealot x3  
  103  8:35  Probe  
  104  8:45  Stargate  
  104  8:47  Probe  
  105  8:59  Void Ray x2 (Chrono Boost)  
  113  9:04  Zealot x3  
  83  9:25  Zealot x3  
  97  9:31  Pylon  
  97  9:34  Pylon  
  97  9:35  Void Ray x2 (Chrono Boost)  
  97  9:37  Protoss Air Armor Level 1, Pylon  
  97  9:39  Void Ray (Chrono Boost)  
  97  9:40  Pylon  
  99  9:49  Zealot  
  99  9:50  Zealot x2  
  105  10:09  Void Ray x2 (Chrono Boost)  
  105  10:11  Void Ray (Chrono Boost)  
  117  10:17  Gateway  
  117  10:19  Zealot x3  
  117  10:20  Gateway  
  123  10:22  Gateway  
  123  10:26  Probe (Chrono Boost)  
  122  10:38  Probe (Chrono Boost)  
  115  10:45  Probe (Chrono Boost), Zealot x3  
  104  10:55  Void Ray x3 (Chrono Boost)  
  104  10:56  Probe  
  117  11:14  Nexus  
  117  11:25  Zealot x4  
  77  11:26  Zealot  
Tags
 
Add a new tag
Caveats
  • Supply blocks, unpowered buildings, or Contaminate may cause inaccurate times.
  • Supply counts are checked every 10 seconds.